 Dungeon Crawl Stone Soup version 0.30-a0-371-gad7725a93e (webtiles) character file.

Game seed: 5194255294113022201

30324 pokeman the Eclecticist (level 13, 0/74 HPs)
             Began as a Deep Elf Hedge Wizard on Nov 22, 2022.
             Was an Elder of Vehumet.
             Shot with an arrow by a centaur (6 damage)
             ... led by a centaur warrior
             ... on level 14 of the Dungeon.
             The game lasted 00:51:12 (18488 turns).

pokeman the Eclecticist (Deep Elf Hedge Wizard)    Turns: 18488, Time: 00:51:12

Health: 0/74       AC: 11    Str:  7    XL:     13   Next: 20%
Magic:  18/39      EV: 11    Int: 28    God:    Vehumet [****..]
Gold:   922        SH:  5    Dex: 14    Spells: 36/52 levels left

rFire   . . .      SeeInvis +    W - +4 scimitar (flame)
rCold   . . .      Faith    .    b - +0 buckler
rNeg    + . .      Spirit   .    V - +0 acid dragon scales
rPois   .          Reflect  .    P - +1 hat {Int+3}
rElec   .          Harm     .    L - +1 cloak {Stlth+}
rCorr   +          Rampage  .    (no gloves)
Will    +....                    S - +0 pair of boots
Stlth   +++.......               (no amulet)
HPRegen 0.32/turn                z - ring of positive energy
MPRegen 0.26/turn                G - ring of see invisible

@: no status effects
A: no striking features
a: Renounce Religion


You were on level 14 of the Dungeon.
You worshipped Vehumet.
Vehumet was greatly pleased with you.
You visited 2 branches of the dungeon, and saw 15 of its levels.
You also visited: Ossuary and Bailey.

You collected 1087 gold pieces.
You spent 165 gold pieces at shops.

Inventory:

Hand Weapons
 U - a +0 shortbow of draining
 W - a +4 scimitar of flaming (weapon)
Missiles
 y - 2 curare-tipped darts
Armour
 b - a +0 buckler (worn)
 L - a +1 cloak of stealth (worn)
 P - a +1 hat of intelligence (worn)
 S - a +0 pair of boots (worn)
 V - +0 acid dragon scales (worn)
 Y - a +0 scale mail of fire resistance
Jewellery
 r - a ring of protection from cold
 z - a ring of positive energy (left hand)
 G - a ring of see invisible (right hand)
 K - a ring of wizardry
Wands
 J - a wand of quicksilver (10)
 M - a wand of digging (6)
Scrolls
 c - a scroll of noise {unknown}
 f - a scroll of identify
 g - a scroll of blinking
 j - 4 scrolls of summoning
 m - 10 scrolls of teleportation
 I - 4 scrolls of magic mapping {unknown}
 R - a scroll of torment {unknown}
Potions
 a - a potion of might
 d - 4 potions of magic
 e - a potion of berserk rage {unknown}
 i - 3 potions of cancellation
 n - 7 potions of heal wounds
 s - 4 potions of invisibility
 t - 4 potions of mutation {unknown}
 v - 8 potions of curing
 w - 3 potions of attraction {unknown}
 A - 2 potions of flight {unknown}
 B - 4 potions of brilliance {unknown}
 C - a potion of haste {unknown}
 D - 2 potions of resistance {unknown}
 N - a potion of ambrosia {unknown}
Miscellaneous
 Q - a phantom mirror
 X - a lightning rod (4/4)


   Skills:
 + Level 5.7 Fighting
 - Level 5.0 Armour
 - Level 3.0 Dodging
 - Level 3.0 Stealth
 - Level 5.0 Shields
 * Level 20.3 Spellcasting
 + Level 12.4 Conjurations
 - Level 1.1 Summonings
 - Level 1.1 Translocations
 - Level 1.1 Ice Magic
 - Level 1.3 Air Magic
 - Level 1.0 Earth Magic
 - Level 1.0 Poison Magic
 - Level 1.0 Evocations


You had 36 spell levels left.
You knew the following spells:

 Your Spells              Type           Power      Damage    Failure   Level
a - Magic Dart            Conj           100%       1d8       0%          1
b - Mephitic Cloud        Conj/Pois/Air  54%        N/A       1%          3
c - Call Imp              Summ           34%        N/A       3%          2
d - Blink                 Tloc           68%        N/A       3%          2
e - Freezing Cloud        Conj/Ice/Air   27%        6-21      3%          5
f - Stone Arrow           Conj/Erth      100%       3d13      1%          3

Your spell library contained the following spells:

 Spells                   Type           Power      Damage    Failure   Level
 Sticky Flame             Conj/Fire      58%        2d7       1%          4
 Sandblast                Erth           68%        2d15      1%          1
 Irradiate                Conj/Tmut      29%        3d21      1%          5
 Slow                     Hex            100%       N/A       3%          1
 Cigotuvi's Dreadful Rot  Necr/Pois/Air  64%        N/A       3%          2
 Passwall                 Tmut/Erth      25%        N/A       3%          2
 Sublimation of Blood     Necr           28%        N/A       4%          2
 Petrify                  Tmut/Erth      31%        N/A       26%         4


Dungeon Overview and Level Annotations

Branches:
Dungeon (14/15)            Temple (1/1) D:6            Lair (0/5) D:9
    Orc (0/2) D:10         Vaults (0/5) D:13        Ossuary (visited)
 Bailey (visited)

Altars:
Cheibriados
Gozag
Kikubaaqudgha
Nemelex Xobeh
Okawaru
Ru
Trog
Uskayaw
Vehumet
Wu Jian
Yredelemnul
The Shining One

Shops:
D:5 !   D:8 [   D:9 :   D:12 :

Annotations:
D:10 3 runed translucent doors, Chaicat's ghost, journeyman HOFi


Message History

You hear an angry hiss.
Casting: Stone Arrow (safe; 1% risk of failure)
Confirm with . or Enter, or press ? or * to list all spells.
Aiming: Stone Arrow (safe; 1% risk of failure)
Press: ? - help, Shift-Dir - straight line, f/p - centaur warrior
Aim: a centaur warrior (almost dead, confused, 95% to hit)
The stone arrow hits the centaur warrior!
You kill the centaur warrior!
Vehumet accepts your kill.
You feel your power returning.
The centaur wields a +0 shortbow.
The centaur shoots an arrow.
The arrow hits you!
The centaur warrior is engulfed in freezing vapours.
The centaur warrior shoots an arrow.
The arrow hits you!!
* * * LOW HITPOINT WARNING * * *
Casting: Stone Arrow (safe; 1% risk of failure)
Confirm with . or Enter, or press ? or * to list all spells.
Aiming: Stone Arrow (safe; 1% risk of failure)
Press: ? - help, Shift-Dir - straight line, f - centaur warrior
Aim: a centaur warrior, wielding a +0 longbow (freezing vapour, severely wounded, 84% to hit)
The stone arrow hits the centaur warrior!
You kill the centaur warrior!
Vehumet accepts your kill.
You feel your power returning.
The centaur shoots an arrow.
The arrow hits you but does no damage.
A centaur comes into view.
The centaur shoots an arrow.
The arrow barely misses you.
Casting: Stone Arrow (safe; 1% risk of failure)
Confirm with . or Enter, or press ? or * to list all spells.
Aiming: Mephitic Cloud (safe; 1% risk of failure)
Press: ? - help, Shift-Dir - straight line The ball explodes into a vile cloud!
The stinking cloud engulfs the centaur but does no damage.
The centaur wields a +0 shortbow.
The centaur shoots an arrow.
The arrow hits you but does no damage.
The centaur is engulfed in noxious fumes.
The centaur shoots an arrow.
You block the arrow.
The centaur shoots an arrow.
You block the arrow.
The centaur is engulfed in noxious fumes.
The centaur shoots an arrow.
The arrow hits you.
You die...

##(.......# ###
##..§§§§§§.#
...###...§§§.§)§#
#...#...☼§§§.○§.#
...........§...§#
................#
................#
.............<.<#
........[...).@.#####
...................!..
......................
....#.................
...###...)°○☼.........
..# ##....§§§........
.# ##..c§§.........
#...c§○§....#...
#...........###.


You could see 2 centaurs.

Vanquished Creatures
  Gastronok (D:8)
  Erica (D:8)
  2 boulder beetles
  5 centaur warriors
  3 two-headed ogres
  2 dancing weapons (D:13)
  A tengu warrior (D:13)
  Urug (D:11)
  3 skeletal warriors (D:13)
  The ghost of retardedninja the Cleaver, a novice MiFi of Gozag (D:6)
  A deep elf pyromancer (D:12)
  Pikel (D:8)
  An elephant (Bailey)
  A manticore (D:13)
  4 cyclopes
  A gargoyle (D:10)
  An efreet (D:11)
  3 tengu conjurers
  7 meliai
  2 trolls
  3 slime creatures (D:12)
  4 shadows
  A vampire (D:8)
  2 wraiths
  8 yaks
  A wyvern (D:7)
  A water elemental (D:13)
  A basilisk (D:12)
  4 acid dragons
  4 ice beasts
  15 orc warriors
  2 sky beasts (D:8)
  5 black bears
  3 ogres
  22 centaurs
  2 phantoms
  An elf zombie (Ossuary)
  2 kobold brigands
  3 bullfrogs (D:7)
  A gnoll sergeant (D:8)
  4 scorpions
  3 wights (D:8)
  22 killer bees
  4 electric eels (D:13)
  4 howler monkeys
  5 centaur zombies (Ossuary)
  4 jellies
  5 hounds
  6 orc priests
  2 iguanas
  12 orc wizards
  2 hound zombies (Ossuary)
  3 mummies (Ossuary)
  9 gnolls
  7 adders
  2 white imps
  An ufetubus (D:6)
  3 adder zombies (Ossuary)
  4 worms
  3 dart slugs
  54 orcs
  7 ball pythons
  4 endoplasms
  6 giant cockroaches
  2 goblins
  5 hobgoblins
  A quokka (D:3)
  8 bats
  4 frilled lizards
  7 goblin zombies (Ossuary)
  2 jackal zombies (Ossuary)
  20 kobolds
  5 kobold zombies (Ossuary)
  An orc zombie (Ossuary)
  2 quokka zombies (Ossuary)
  10 rats
  6 rat zombies (Ossuary)
376 creatures vanquished.

Vanquished Creatures (collateral kills)
  Grinder (D:4)
  2 orc warriors (Bailey)
  An ice beast (D:6)
  An ogre (D:7)
  A necrophage (D:6)
  A killer bee (D:9)
  A hound (D:6)
  A jelly (D:6)
  Ijyb (D:3)
  A gnoll (D:4)
  An adder (D:6)
  2 orcs (Bailey)
  An orc zombie (Ossuary)
15 creatures vanquished.

Vanquished Creatures (others)
  3 plants (D:10)
  A withered plant (D:3)
4 creatures vanquished.

Grand Total: 395 creatures vanquished

Notes
Turn   | Place    | Note
-------+----------+-------------------------------------------
     0 | D:1      | pokeman the Deep Elf Hedge Wizard began the quest for the
                  | Orb.
     0 | D:1      | Reached XP level 1. HP: 10/10 MP: 7/7
   400 | D:1      | Reached XP level 2. HP: 16/16 MP: 6/9
  1159 | D:1      | Reached skill level 5 in Spellcasting
  1354 | D:2      | Reached XP level 3. HP: 20/20 MP: 8/11
  1358 | D:2      | Learned a level 3 spell: Mephitic Cloud
  1361 | D:2      | Learned a level 2 spell: Call Imp
  1364 | D:2      | Learned a level 2 spell: Blink
  1553 | D:2      | Reached skill level 1 in Armour
  1590 | D:2      | Found an iron altar of Okawaru.
  1861 | D:2      | Reached skill level 1 in Fighting
  2287 | D:3      | Reached XP level 4. HP: 25/25 MP: 1/13
  2302 | D:3      | Noticed Ijyb
  2491 | D:3      | Killed Ijyb
  2560 | D:3      | Found a glowing golden altar of the Shining One.
  2560 | D:3      | Found a radiant altar of Vehumet.
  2568 | D:3      | Found a sacrificial altar of Ru.
  2572 | D:3      | Found a basalt altar of Yredelemnul.
  2572 | D:3      | Found a sparkling altar of Nemelex Xobeh.
  2572 | D:3      | Found a snail-covered altar of Cheibriados.
  2574 | D:3      | Became a worshipper of Vehumet
  2965 | D:3      | Found an ancient bone altar of Kikubaaqudgha.
  3539 | D:4      | Reached skill level 6 in Spellcasting
  3539 | D:4      | Reached XP level 5. HP: 26/29 MP: 6/15
  3694 | D:4      | Noticed a phantom
  3697 | D:4      | Reached skill level 1 in Evocations
  3828 | D:4      | Killed a phantom
  3829 | D:4      | Reached skill level 1 in Air Magic
  3829 | D:4      | Reached skill level 1 in Poison Magic
  3829 | D:4      | Reached XP level 6. HP: 26/34 MP: 1/17
  3959 | D:4      | Reached * piety under Vehumet
  3959 | D:4      | Offered knowledge of Sandblast by Vehumet.
  4094 | D:4      | Reached skill level 7 in Spellcasting
  4365 | D:4      | Noticed Grinder
  4376 | D:4      | Killed Grinder
  4377 | D:4      | Reached skill level 8 in Spellcasting
  4377 | D:4      | Reached XP level 7. HP: 40/40 MP: 11/20
  5029 | D:5      | Entered Level 5 of the Dungeon
  5029 | D:5      | Found Rarhiud's Distillery.
  5093 | D:5      | Found a sand-covered staircase.
  5102 | Ossuary  | Entered an ossuary
  5240 | Ossuary  | Reached skill level 9 in Spellcasting
  5297 | Ossuary  | Reached ** piety under Vehumet
  5438 | Ossuary  | Offered knowledge of Freeze by Vehumet.
  5749 | Ossuary  | Reached XP level 8. HP: 20/44 MP: 23/23
  5861 | Ossuary  | Reached skill level 5 in Conjurations
  6180 | D:5      | Reached skill level 10 in Spellcasting
  6394 | D:5      | Bought a potion of heal wounds for 75 gold pieces
  6394 | D:5      | Bought a potion of curing for 45 gold pieces
  6394 | D:5      | Bought a potion of curing for 45 gold pieces
  7098 | D:6      | Reached skill level 11 in Spellcasting
  7138 | D:6      | Found a runed translucent gate.
  7138 | D:6      | Found a runed translucent gate.
  7139 | D:6      | Found a runed translucent gate.
  7139 | D:6      | Found an opulent altar of Gozag.
  7142 | D:6      | Noticed retardedninja's ghost (novice MiFi)
  7186 | D:6      | Offered knowledge of Scorch by Vehumet.
  7276 | D:6      | Reached XP level 9. HP: 26/50 MP: 22/26
  7442 | D:6      | You fall into a shaft and drop 2 floors!
  7718 | D:7      | Reached *** piety under Vehumet
  7905 | D:7      | Found a flagged portal.
  7915 | Bailey   | Entered a bailey
  7935 | Bailey   | Reached skill level 12 in Spellcasting
  8403 | Bailey   | Reached skill level 13 in Spellcasting
  8418 | Bailey   | Noticed an orc knight
  8420 | Bailey   | Offered knowledge of Frozen Ramparts by Vehumet.
  8430 | Bailey   | an orc knight changed into an elephant
  8430 | Bailey   | Noticed an elephant
  8575 | Bailey   | HP: 2/52 [elephant (6)]
  8578 | Bailey   | Killed an elephant
  8920 | D:6      | Found a staircase to the Ecumenical Temple.
  9051 | D:6      | Reached XP level 10. HP: 56/56 MP: 24/29
  9208 | D:6      | Found a basalt altar of Yredelemnul.
  9606 | D:6      | Reached **** piety under Vehumet
  9727 | D:6      | Reached skill level 14 in Spellcasting
  9816 | D:6      | Offered knowledge of Freezing Cloud by Vehumet.
  9826 | D:6      | Learned a level 5 spell: Freezing Cloud
  9850 | D:6      | Learned a level 3 spell: Stone Arrow
 10421 | D:8      | Noticed Pikel
 10426 | D:8      | Killed Pikel
 10427 | D:8      | Reached skill level 1 in Ice Magic
 10427 | D:8      | Reached skill level 1 in Earth Magic
 10865 | D:8      | Noticed Erica
 10870 | D:8      | Killed Erica
 10871 | D:8      | Reached skill level 5 in Armour
 10871 | D:8      | Reached skill level 15 in Spellcasting
 11471 | D:8      | Noticed Gastronok
 11490 | D:8      | Killed Gastronok
 11491 | D:8      | Reached XP level 11. HP: 32/62 MP: 27/32
 11624 | D:8      | Found Kiotinuph's Antique Armour Boutique.
 11635 | D:8      | Reached skill level 16 in Spellcasting
 11927 | D:9      | Found a faded altar of an unknown god.
 12227 | D:9      | Found a hide-covered altar of Uskayaw.
 12409 | D:9      | Found a staircase to the Lair.
 12482 | D:9      | Found Noob's Book Shop.
 12712 | D:10     | Entered Level 10 of the Dungeon
 12723 | D:10     | Found a staircase to the Orcish Mines.
 12814 | D:10     | Noticed a two-headed ogre
 12846 | D:10     | Killed a two-headed ogre
 12847 | D:10     | Reached skill level 5 in Fighting
 12865 | D:10     | Found a runed translucent gate.
 12865 | D:10     | Found a runed translucent gate.
 12865 | D:10     | Noticed a nine-headed hydra
 12865 | D:10     | Noticed Chaicat's ghost (journeyman HOFi)
 12866 | D:10     | Found a runed translucent gate.
 12866 | D:10     | Noticed an 11-headed hydra
 13027 | D:10     | Reached ***** piety under Vehumet
 13034 | D:10     | Offered knowledge of Sticky Flame by Vehumet.
 13223 | D:10     | Noticed a two-headed ogre
 13227 | D:10     | Killed a two-headed ogre
 13228 | D:10     | Reached skill level 1 in Shields
 13228 | D:10     | Reached skill level 10 in Conjurations
 13540 | D:10     | Reached skill level 17 in Spellcasting
 13742 | D:6      | Killed retardedninja's ghost
 14210 | D:11     | Noticed a boulder beetle
 14222 | D:11     | Killed a boulder beetle
 14388 | D:11     | Noticed Urug
 14396 | D:11     | Killed Urug
 15248 | D:12     | Reached XP level 12. HP: 68/68 MP: 25/35
 15369 | D:12     | Found the necklace of Bloodlust {*Rage Will++ Int-3 Slay+6}
 15405 | D:12     | Reached skill level 18 in Spellcasting
 15556 | D:12     | Noticed a boulder beetle
 15566 | D:12     | Killed a boulder beetle
 15927 | D:12     | Found Vicus's Book Emporium.
 16249 | Temple   | Entered the Ecumenical Temple
 16486 | D:13     | Found a gate to the Vaults.
 16737 | D:13     | Reached skill level 19 in Spellcasting
 17003 | D:13     | Noticed a centaur warrior
 17011 | D:13     | Killed a centaur warrior
 17062 | D:13     | Noticed a centaur warrior
 17067 | D:13     | Killed a centaur warrior
 17436 | D:13     | Noticed a two-headed ogre
 17440 | D:13     | Killed a two-headed ogre
 17441 | D:13     | Reached skill level 5 in Shields
 17655 | D:13     | Noticed a tengu warrior
 17662 | D:13     | Killed a tengu warrior
 18060 | D:13     | Reached XP level 13. HP: 60/72 MP: 20/38
 18137 | D:13     | Reached skill level 20 in Spellcasting
 18488 | D:14     | Shot with an arrow by a centaur

Illustrated notes

Levels and vault maps discovered:
D:1:      dpeg_arrival_round_b, layout_loops_cross
D:2:      layout_rooms, basic_altar
D:3:      layout_loops_cross, minitemple, kiku_gazebo_garden_becter, uniq_ijyb
D:4:      layout_basic, uniq_grinder
D:5:      layout_loops_ring, enter_ossuary_1, st_stairs_2, nicolae_stop_n_shop_1
D:6:      kennysheep_six_static_rooms, layout_basic,
          minmay_temple_entry_poolview, ebering_ghost_gozag,
          minmay_ruined_shrine
D:7:      layout_loops_cross, enter_bailey_8
D:8:      layout_cave_pods, kennysheep_windowed_goal, uniq_gastronok,
          uniq_erica, uniq_pikel
D:9:      layout_irregular_city, lemuel_doored_altar, lair_entry_dummy,
          serial_shops, kennysheep_little_box, serial_column_ruins,
          column_ruins_hut_pillars, column_ruins_temple_circle,
          column_ruins_grid_3, column_ruins_open_small,
          column_ruins_columns_dead_end
D:10:     layout_roguey, david_orc_2, gammafunk_ghost_hydra_chop,
          small_chamber_with_monster
D:11:     layout_basic, uniq_urug
D:12:     layout_irregular_city, serial_shops, nicolae_shop_hallway_plus
D:13:     layout_basic, erik_vaults_1
D:14:     layout_big_octagon, solitary_fountain,
          nicolae_concentric_dashed_squares_mild,
          nicolae_hepliaklqana_hippocampus
Temple:   nicolae_temple_great_sept

Skill      XL: |  1  2  3  4  5  6  7  8  9 10 11 12 13 |
---------------+----------------------------------------+-----
Spellcasting   | 5 6 8 9 11 13 15 17 19 20 | 20.3
Armour         | 1 2 3 5 |  5.0
Fighting       | 1 2 3 4 5 |  5.7
Conjurations   | 2 3 4 6 7 9 10 12 | 12.4
Stealth        | 3 |  3.0
Dodging        | 3 |  3.0
Evocations     | 1 |  1.0
Air Magic      | 1 |  1.3
Poison Magic   | 1 |  1.0
Ice Magic      | 1 |  1.1
Earth Magic    | 1 |  1.0
Shields        | 3 5 |  5.0
Summonings     | |  1.1
Translocations | |  1.1

Action                   |  1- 3 |  4- 6 |  7- 9 | 10-12 | 13-15 || total
-------------------------+-------+-------+-------+-------+-------++-------
Melee: Dagger            |    17 |    12 |       |       |       ||    29
       Punch             |     1 |     3 |     1 |       |       ||     5
       Falchion          |       |    65 |       |       |       ||    65
       Unarmed           |       |     5 |       |       |       ||     5
       War axe           |       |     2 |   166 |    29 |       ||   197
       Scimitar          |       |       |       |    29 |       ||    29
 Cast: Magic Dart        |   123 |   101 |   255 |   120 |       ||   599
       Mephitic Cloud    |     2 |    10 |    29 |    27 |     5 ||    73
       Call Imp          |       |     4 |    19 |    12 |       ||    35
       Blink             |       |       |     5 |     3 |       ||     8
       Stone Arrow       |       |       |       |   172 |    23 ||   195
       Freezing Cloud    |       |       |       |    36 |     4 ||    40
Evoke: Wand              |       |       |     5 |       |       ||     5
  Use: Scroll            |       |       |     9 |     5 |       ||    14
       Potion            |       |       |     1 |       |       ||     1
 Stab: Confused          |     3 |    11 |    15 |     6 |       ||    35
       Distracted        |       |       |     1 |       |       ||     1
Armor: Robe              |     4 |       |       |       |       ||     4
       Leather armour    |       |    17 |   105 |    25 |       ||   147
       Acid dragon scale |       |       |       |    11 |     9 ||    20
Dodge: Dodged            |    19 |    56 |   176 |   104 |     9 ||   364
Block: Buckler           |       |       |       |     1 |     7 ||     8

Table legend: (Time is in decaauts)
 A = Elapsed time spent in this place.
 B = Non-inter-level travel time spent in this place.
 C = Inter-level travel time spent in this place.
 D = Time resting spent in this place.
 E = Time spent auto-exploring this place.
 F = Levels seen in this place.
 G = Mean time per level.
                   A        B        C        D        E       F      G
               +--------+--------+--------+--------+--------+-----+--------+
         Total |  18649 |  17911 |    738 |   1385 |  13088 |  17 | 1097.0 |
       Dungeon |  16768 |  16033 |    735 |   1169 |  12010 |  14 | 1197.7 |
        Temple |     24 |     22 |      2 |      0 |      0 |   1 |   24.0 |
       Ossuary |    974 |    974 |      0 |      0 |    742 |   1 |  974.0 |
        Bailey |    881 |    881 |      0 |    216 |    336 |   1 |  881.0 |
               +--------+--------+--------+--------+--------+-----+--------+

Top non-repeatable levels by time:
     D:6: 2065 daAuts
    D:13: 2028 daAuts
     D:8: 1589 daAuts
     D:4: 1515 daAuts
     D:3: 1349 daAuts
     D:1: 1341 daAuts
    D:11: 1212 daAuts
    D:10: 1058 daAuts
    D:12: 1007 daAuts
 Ossuary: 974 daAuts
     D:7: 974 daAuts
     D:5: 885 daAuts
  Bailey: 881 daAuts
     D:2: 844 daAuts
     D:9: 823 daAuts
